AoeStats
← Tunga

Arabia

505850441Analyzed
1v1 RM · 21d ago on Sep 11, 2026· 47m 22s· 2 players
Game mode
Random Map
Map size
Tiny (2 player)
Population
200
Speed
Normal
Resources
Standard
Victory
Conquest
Starting age
Dark Age
Ending age
Imperial Age
RankedLock teamsTeams togetherTeam positionsShared explorationLock speedFull tech treeHidden civsTurbo modeCheats
Victory
Defeat
🇨🇿 Armenians · Czechia
773
+17
🇹🇷 Burmese · Türkiye
793
-17
cnwrrr
10:07 Feudal Age
11:19 Man-at-Arms
12:12 Long Swordsman
23:19 Castle Age
21:58 Double-Bit Axe
25:52 Scale Barding Armor
25:58 Forging
26:52 Bloodlines
29:04 Gold Mining
30:27 Chain Barding Armor
33:07 Elite Skirmisher
35:39 Fletching
40:01 Padded Archer Armor
39:56 Bodkin Arrow
45:10 Imperial Age
42:29 Crossbowman
45:06 Gold Shaft Mining
45:45 Cavalier
46:25 Husbandry
Tunga
12:12 Feudal Age
10:28 Loom
14:08 Wheelbarrow
20:56 Fletching
21:07 Padded Archer Armor
26:46 Castle Age
26:04 Horse Collar
27:45 Pikeman
28:13 Crossbowman
31:09 Squires
31:09 Stone Mining
33:57 Pikeman
36:55 Bodkin Arrow
45:06 Ballistics
45:11 Manipur Cavalry
45:54 Hand Cart
Connection lost

Rejoining the realm…

Still unreachable

The connection could not be restored.

Session expired

The server has moved on; the page needs a fresh start.